Map: Bel'Shir Vestige LE (Void)

Players

TooDming - Winner!

  • Race: Zerg Zerg
  • Spawn Location: 11:00

daydrA

  • Race: Zerg Zerg
  • Spawn Location: 5:00

Event: WCS Austin 2017

VOD

Have the link to the VOD?

Description

Time

  • Played on: April 28, 2017, 4:39 p.m.
  • Length: 5:09

All games in this series

Show
View Real Time Build Order
Export as new Build Order

TooDming Zerg - Winner!

Build Orders: Pool First, Zergling Baneling 

Get SALT Encoding   

  12  0:00  Drone  
  13  0:13  Overlord  
  13  0:18  Drone  
  14  0:32  Drone x2  
  14  0:35  Drone  
  17  0:45  Drone  
  17  0:46  Extractor  
  17  0:49  Spawning Pool  
  16  0:57  Drone  
  17  1:14  Hatchery  
  17  1:16  Drone  
  17  1:36  Queen, Zergling x2  
  17  1:37  Zergling x2  
  21  1:43  Overlord  
  21  1:49  Metabolic Boost  
  21  1:55  Zergling x2  
  22  2:04  Zergling x2  
  22  2:08  Baneling Nest  
  22  2:13  Zergling x2  
  23  2:18  Queen  
  25  2:27  Spine Crawler  
  24  2:32  Zergling x2  
  24  2:34  Zergling x2  
  24  2:46  Zergling x2  
  24  2:47  Zergling x2  
  24  2:52  Baneling x2  
  24  2:55  Baneling  
  24  3:00  Zergling x6  
  27  3:06  Baneling  
  25  3:18  Baneling  
  25  3:23  Zergling x6  
  25  3:26  Zergling x4  
  30  3:31  Zergling x2  
  31  3:36  Baneling  
  31  3:39  Overlord  
  31  3:45  Zergling x2  
  31  3:46  Zergling x2  
  30  3:51  Zergling x2  
  30  3:58  Drone x2  
  27  4:11  Drone x2  
  28  4:19  Queen  
  30  4:30  Baneling x2  
  29  4:32  Drone  
  32  4:39  Baneling  
  32  4:40  Baneling  
  32  4:46  Zergling x2  
  32  4:47  Zergling x2  
Show
View Real Time Build Order
Export as new Build Order

daydrA Zerg 

Build Orders: Pool First 

Get SALT Encoding   

  12  0:18  Spawning Pool  
  11  0:21  Drone  
  11  0:26  Drone  
  13  0:30  Drone  
  14  0:36  Extractor  
  14  0:38  Drone  
  14  0:47  Overlord  
  14  1:06  Zergling x4  
  14  1:07  Queen  
  18  1:16  Zergling x2  
  19  1:27  Zergling x2  
  20  1:37  Metabolic Boost  
  20  1:41  Overlord  
  20  1:49  Zergling x2  
  21  2:00  Zergling x2  
  21  2:01  Baneling Nest  
  21  2:15  Zergling x8  
  25  2:23  Zergling x2  
  26  2:32  Zergling x2  
  27  2:40  Queen  
  27  2:44  Zergling x2  
  27  2:49  Zergling x2  
  27  2:51  Baneling  
  28  2:52  Baneling  
  28  2:58  Baneling  
  28  3:00  Zergling x2  
  28  3:04  Drone  
  27  3:17  Drone x2  
  28  3:20  Drone  
  29  3:32  Drone  
  22  4:05  Hatchery  
  18  4:13  Zergling x6  
  21  4:17  Drone  
  21  4:20  Drone  
  23  4:30  Drone x2  
  25  4:42  Drone  
  26  4:51  Baneling x3  
Tags
 
Add a new tag
Caveats
  • Supply blocks, unpowered buildings, or Contaminate may cause inaccurate times.
  • Supply counts are checked every 10 seconds.